 Dungeon Crawl Stone Soup version 0.26-a0-737-g4e9f4955e2 (webtiles) character file.

Game seed: 12787188166979882770

25 g3ss the Skirmisher (level 2, -5/24 HPs)
             Began as a Demonspawn Abyssal Knight on Nov 5, 2020.
             Was a Believer of Lugonu.
             Slain by Sigmund
             ... wielding a +0 scythe
              (6 damage)
             ... on level 2 of the Dungeon.
             The game lasted 00:03:25 (706 turns).

g3ss the Skirmisher (Demonspawn Abyssal Knight)      Turns: 706, Time: 00:03:26

Health: -5/24      AC:  7    Str: 12    XL:     2   Next: 86%
Magic:  3/3        EV: 11    Int: 13    God:    Lugonu [**....]
Gold:   112        SH:  0    Dex: 12    Spells: 1/1 levels left

rFire    + + .     SeeInvis .   a - +2 falchion
rCold    + . .     Faith    .   (no shield)
rNeg     . . .     Spirit   .   b - +0 leather armour
rPois    +         Reflect  .   (no helmet)
rElec    +         Harm     .   (no cloak)
rCorr    +         Rampage  .   (no gloves)
MR       .....                  (no boots)
Stlth    +.........             (no amulet)
HPRegen  0.08/turn              h - +4 ring of protection
MPRegen  0.08/turn              (no ring)

@: confused, resistant
A: fire resistance 1
a: Depart the Abyss, Bend Space, Renounce Religion


You were on level 2 of the Dungeon.
You worshipped Lugonu.
Lugonu was pleased with you.
You visited 1 branch of the dungeon, and saw 2 of its levels.
You visited the Abyss 1 time.

You collected 112 gold pieces.

Inventory:

Hand Weapons
 a - a +2 falchion (weapon)
 c - a +0 hand axe
 e - a +0 dagger
 g - a +0 hand axe
 l - a +0 dagger
 n - a +0 dagger
 o - a +0 club
Missiles
 d - 93 bolts
Armour
 b - a +0 leather armour (worn)
Jewellery
 h - a +4 ring of protection (left hand)
Scrolls
 f - 3 scrolls of identify
 q - a scroll of remove curse {unknown}
Potions
 i - a potion of lignification {unknown}
 p - a potion of curing {unknown}
 r - a potion of berserk rage {unknown}


   Skills:
 + Level 3.4 Fighting
 + Level 2.2 Long Blades
 + Level 2.1 Armour
 + Level 1.1 Dodging
 + Level 2.5 Invocations


You had one spell level left.
You didn't know any spells.
Your spell library was empty.

Dungeon Overview and Level Annotations

Branches:
Dungeon (2/15)

Altars:
Nemelex Xobeh

Annotations:
D:2 Sigmund


Innate Abilities, Weirdness & Mutations

Your flesh is heat resistant. (rF+)


Message History

Sigmund the Dreaded comes into view.
He is wielding a +0 scythe.
Sigmund shouts!
Sigmund mumbles some strange words.
Sigmund flickers and vanishes!
Deactivating autopickup; reactivate with Ctrl-A.
A magic dart appears from out of thin air!
The magic dart hits you! Something hits you.
You miss something. Something hits you.
You miss something. Something hits you but does no damage.
You barely miss something. Something hits you!
* * * LOW HITPOINT WARNING * * *
You barely miss something.
Okay, then.
It was a potion of resistance.
You feel protected.
You hear some strange, mumbled words.
You are confused.
You miss something. Something hits you.
You die...

#.# #. #.## .. ...# .#
#..# . #.. ##..# .
###..#.######...## .
#............?...#####
.####.##. #..{@.........
...##.##. #.##.....#####
.......#.####.###...#####
.......#.........†......#
##.###†##.....###.#####.#
#.# #.##.##### #.# #.#
#.##.### #.# #.# #...†..#
#.# #.###......#####..


There were no monsters in sight!

Vanquished Creatures
  A leopard gecko (D:2)
  2 bats (D:1)
  4 giant cockroaches (D:1)
  A goblin (D:1)
  5 hobgoblins
  A ball python (D:2)
  2 frilled lizards (D:1)
  3 kobolds
  5 rats
24 creatures vanquished.

Notes
Turn   | Place    | Note
-------+----------+-------------------------------------------
     0 | Abyss:1  | g3ss the Demonspawn Abyssal Knight began the quest for the
                  | Orb.
     0 | Abyss:1  | Reached XP level 1. HP: 18/18 MP: 2/2
    13 | D:1      | Escaped the Abyss
   177 | D:1      | Gained mutation: Your flesh is heat resistant. (rF+)
                  | [demonic ancestry]
   177 | D:1      | Reached XP level 2. HP: 22/24 MP: 3/3
   248 | D:1      | Reached skill level 1 in Dodging
   533 | D:1      | You fall into a shaft and drop 1 floor!
   554 | D:2      | Found a sparkling altar of Nemelex Xobeh.
   691 | D:2      | Reached ** piety under Lugonu
   695 | D:2      | Noticed Sigmund
   703 | D:2      | HP: 1/24 [something (9)]
   706 | D:2      | Slain by Sigmund

Illustrated notes

Levels and vault maps discovered:
D:1:      enne_arrival_octagon_isle, layout_rooms
D:2:      layout_loops_ring, nemelex_xobeh_ov_fountains_minmay,
          xom_teletrap_fun, uniq_sigmund, uniq_terence

Skill      XL: |  1  2 |
---------------+-------+-----
Armour         | 2 |  2.1
Long Blades    | 2 |  2.2
Dodging        | 1 |  1.1
Fighting       | |  3.4
Invocations    | |  2.5

Action                   || total
-------------------------++-------
Melee: Falchion          ||    66
  Use: Scroll            ||     5
       Potion            ||     2
Armor: Leather armour    ||    27
Dodge: Dodged            ||    56
       Rpst.: Falchion   ||    17

Table legend: (Time is in decaauts)
 A = Elapsed time spent in this place.
 B = Non-inter-level travel time spent in this place.
 C = Inter-level travel time spent in this place.
 D = Time resting spent in this place.
 E = Time spent auto-exploring this place.
 F = Levels seen in this place.
 G = Mean time per level.
                   A        B        C        D        E       F      G
               +--------+--------+--------+--------+--------+-----+--------+
         Total |    722 |    699 |     23 |      0 |    132 |   3 |  240.7 |
       Dungeon |    709 |    686 |     23 |      0 |    132 |   2 |  354.5 |
         Abyss |     13 |     13 |      0 |      0 |      0 |   1 |   13.0 |
               +--------+--------+--------+--------+--------+-----+--------+

Top non-repeatable levels by time:
     D:1: 530 daAuts
     D:2: 179 daAuts
 Abyss:1: 13 daAuts
